 Dungeon Crawl Stone Soup version 0.15-a0-183-gc0cdb55 (webtiles) character file.

186 PolkaDot the Vexing (level 3, -2/24 HPs)
             Began as a Vampire Enchanter on Apr 20, 2014.
             Killed from afar by Sigmund (9 damage)
             ... with a puff of flame
             ... on Level 3 of the Dungeon.
             The game lasted 00:08:11 (1698 turns).

PolkaDot the Vexing (Vampire Enchanter)             Turns: 1698, Time: 00:08:12

HP  -2/24        AC  3     Str  7      XL: 3   Next: 48%
MP   4/6         EV 18     Int 22      God:
Gold 139         SH  0     Dex 15      Spells:  3 memorised,  0 levels left

rFire  . . .     SeeInvis +     n - +1,+0 dagger (drain)
rCold  . . .     Clarity  .     b - +1 robe
rNeg   + . .     Conserve .     (no shield)
rPois  .         rCorr    .     (no helmet)
rElec  .         rRot     .     (no cloak)
SustAb . .       Spirit   .     (no gloves)
rMut   .         Warding  .     (no boots)
Saprov . . .     Stasis   .     (no amulet)
MR     .....                    (no ring)
                                h - +6 ring of evasion

@: brilliant, not resistant to hostile enchantments, quite stealthy
A: fangs 3, see invisible, unbreathing
a: Bat Form


You were on level 3 of the Dungeon.
You were not thirsty.

You visited 1 branch of the dungeon, and saw 3 of its levels.

You collected 139 gold pieces.

Inventory:

Hand weapons
 n - a +1,+0 dagger of draining (weapon)
Missiles
 d - 12 darts (quivered)
Armour
 b - a +1 robe (worn)
Scrolls
 e - 4 scrolls of identify
 i - a scroll of amnesia
 m - a scroll of remove curse
Jewellery
 h - a +6 ring of evasion (left hand)
Books
 c - a book of Maledictions

   Spells                             Type                      Level
   *Corona                            Hexes                        1
   Sure Blade                         Hexes/Charms                 2
   *Ensorcelled Hibernation           Hexes/Ice                    2
   *Confuse                           Hexes                        3
   Dazzling Spray                     Conjuration/Hexes            3
   Enslavement                        Hexes                        4
 o - a book of Wizardry

   Spells                             Type                      Level
   Summon Elemental                   Summoning                    4
   Agony                              Necromancy                   5
   Force Lance                        Conjuration                  5
   Haste                              Charms                       6
   Invisibility                       Hexes                        6
   Spellforged Servitor               Conjuration/Summoning        7


   Skills:
 + Level 1.7 Short Blades
 - Level 0.7 Throwing
 - Level 2.1 Dodging
 + Level 4.5 Stealth
 - Level 2.0 Spellcasting
 * Level 5.5 Hexes


You couldn't memorise any spells.
You knew the following spells:

 Your Spells              Type           Power        Failure   Level  Hunger
a - Corona                Hex            #####..      1%          1    #......
c - Confuse               Hex            #####...     1%          3    ###....
d - Ensorcelled Hibernat  Hex/Ice        ####..       1%          2    ##.....


Dungeon Overview and Level Annotations

Branches:
Dungeon (3/15)

Altars:

Annotations:
D:3 Sigmund


Innate Abilities, Weirdness & Mutations

You have razor-sharp teeth.*
You have supernaturally acute eyesight.
You can survive without breathing.*


Message History

Confirm with . or Enter, or press ? or * to list all spells.
Aiming: Ensorcelled Hibernation
Press: ? - help, Shift-Dir - straight line, f/p - Sigmund
Aim: Sigmund, wielding a scythe and wearing a robe (moderately wounded, hasn't noticed you) Sigmund resists with significant effort.
* * * LOW MAGIC WARNING * * *
Sigmund points at you and mumbles some strange words.
You resist. Sigmund closely misses you.
You start resting.
You start resting.
You feel a little less clever now.
You feel a little less agile now.
Drink which item? (? for menu, Esc to quit)
Okay, then.
Drink which item? (? for menu, Esc to quit)
You feel clever all of a sudden. Sigmund gestures at you while chanting.
The puff of flame hits you!
You die...

.....#...##................#.%..#
.....#...................#.#.....
.................................
.................................
.....##..#.......@#.###..###.....
................#.#.# #..#.......
....%#...#..#.#.#.#.# #..###.....
.#...%......#.#.#.#.###..###....#
................@...............#
.................................
.............................<...
................#.#..##..........
..................#..##..###...##
................#.#..##..# #...#
................#.#..##..# #...#
, .#.#...#...........##..###...##
,,,,,............................


You could see Sigmund.

Vanquished Creatures
  A worm (D:2)
  An orc (D:3)
  A ball python (D:2)
  7 goblins
  5 hobgoblins
  7 kobolds
  9 bats
  2 giant geckos
  A giant newt (D:1)
  4 rats
38 creatures vanquished.

Notes
Turn   | Place    | Note
--------------------------------------------------------------
     0 | D:1      | PolkaDot, the Vampire Enchanter, began the quest for the Orb.
     0 | D:1      | Reached XP level 1. HP: 13/13 MP: 3/3
   242 | D:1      | Reached XP level 2. HP: 17/19 MP: 4/4
   487 | D:1      | Learned a level 2 spell: Ensorcelled Hibernation
   505 | D:1      | Reached skill level 5 in Hexes
  1047 | D:2      | Reached XP level 3. HP: 21/24 MP: 6/6
  1602 | D:3      | Learned a level 3 spell: Confuse
  1606 | D:3      | Noticed Sigmund
  1698 | D:3      | Killed from afar by Sigmund

Action                   || total
-------------------------++-------
Melee: Dagger            ||   139
 Cast: Ensorcelled Hiber ||     8
  Use: Potion            ||     7
       Scroll            ||     6
 Stab: Sleeping          ||     5
